 Dungeon Crawl Stone Soup version 0.17-a0-1984-g55f5988 (webtiles) character file.

90 Ordine the Twirler (level 4, -8/37 HPs)
             Began as a Minotaur Gladiator on Oct 6, 2015.
             Mangled by Ordine's ghost (15 damage)
             ... on level 3 of the Dungeon.
             The game lasted 00:05:01 (1826 turns).

Ordine the Twirler (Minotaur Gladiator)             Turns: 1826, Time: 00:05:01

Health: -8/37      AC:  7    Str: 19    XL:     4   Next: 32%
Magic:  3/3        EV:  7    Int:  5    God:
Gold:   177        SH:  0    Dex: 12    Spells: 0 memorised, 3 levels left

rFire  . . .     SeeInvis .     a - +0 quarterstaff
rCold  . . .     Clarity  .     b - +0 leather armour
rNeg   . . .     SustAt   .     (no shield)
rPois  .         Gourm    .     l - +2 hat
rElec  .         Spirit   .     (no cloak)
rCorr  .         Warding  .     (no gloves)
rMut   .         Stasis   .     i - +1 pair of boots
MR     .....                    (no amulet)
Stlth  +.........               (no ring)
                                (no ring)

@: drained, not resistant to hostile enchantments, very unstealthy
A: retaliatory headbutt, horns 2
a: no special abilities


You were on level 3 of the Dungeon.
You were not hungry.

You visited 1 branch of the dungeon, and saw 3 of its levels.

You collected 177 gold pieces.

Inventory:

Hand Weapons
 a - a +0 quarterstaff (weapon)
Missiles
 d - 3 throwing nets (quivered)
Armour
 b - a +0 leather armour (worn)
 i - a +1 pair of boots (worn)
 l - a +2 hat (worn)
Scrolls
 h - 2 scrolls of teleportation
 o - a scroll of blinking
 q - 2 scrolls of remove curse
Potions
 g - 2 potions of haste {unknown}
 j - a potion of might {unknown}
 k - 2 potions of flight
 m - 2 potions of resistance
 p - 3 potions of invisibility
Comestibles
 c - 9 chunks of flesh
 e - a bread ration
 n - a slice of pizza


   Skills:
 - Level 2.4(2.0) Fighting
 + Level 6.2(5.8) Staves
 - Level 2.0(1.6) Throwing
 - Level 3.2(2.8) Dodging


You had 3 spell levels left.
You didn't know any spells.

Dungeon Overview and Level Annotations

Branches:
Dungeon (3/15)

Altars:
Yredelemnul

Annotations:
D:3 Ordine's ghost, amateur TrMo


Innate Abilities, Weirdness & Mutations

You reflexively headbutt those who attack you in melee.
You have a pair of horns on your head.


Message History

Ordine's ghost is lightly damaged.
The quokka barely misses you. Ordine's ghost hits you!
Drink which item? (? for menu, Esc to quit)
You feel better. The quokka barely misses you.
Ordine's ghost closely misses you. You furiously retaliate!
You headbutt Ordine's ghost.
You hit Ordine's ghost but do no damage.
Ordine's ghost is lightly damaged.
The quokka bites you. Ordine's ghost hits you!
* * * LOW HITPOINT WARNING * * *
The quokka bites you.
* * * LOW HITPOINT WARNING * * *
Ordine's ghost says, "I break bones and crack skulls... with my bare hands."
Ordine's ghost whispers, "Soon you will have time, lots of time..."
The quokka closely misses you.
Things that are here:
a dagger of draining; a goblin skeleton
There is a stone staircase leading up here.
Ordine's ghost hits you!
You die...

.....#####......#
#.#.
.....#.......#### .#
#
.....#.......#####.#
.....).............#
.....#...........###
.#####.........รท.#
.# #........).## .#
#.........rW#
.#######........@#
.................#
########...#.....#
#....#.....#
#....##.####
#.......# #......##
###....# #....#


You could see Ordine's ghost and a quokka.

Vanquished Creatures
  3 adders (D:2)
  An ooze (D:1)
  4 worms
  3 bats
  6 hobgoblins
  9 kobolds
  2 quokkas
  5 giant cockroaches
  4 giant newts
  3 goblins
  9 rats
49 creatures vanquished.

Notes
Turn   | Place    | Note
--------------------------------------------------------------
     0 | D:1      | Ordine the Minotaur Gladiator began the quest for the Orb.
     0 | D:1      | Reached XP level 1. HP: 18/18 MP: 0/0
   111 | D:1      | Reached skill level 4 in Staves
   309 | D:1      | Reached XP level 2. HP: 25/25 MP: 1/1
   687 | D:2      | Reached skill level 5 in Staves
   760 | D:2      | Reached XP level 3. HP: 15/30 MP: 2/2
   963 | D:2      | HP: 1/30 [poisoned by an adder]
  1329 | D:2      | Reached XP level 4. HP: 23/37 MP: 3/3
  1471 | D:2      | Reached skill level 6 in Staves
  1481 | D:2      | Found a basalt altar of Yredelemnul.
  1803 | D:3      | Noticed Ordine's ghost (amateur TrMo)
  1826 | D:3      | Mangled by Ordine's ghost

Vault maps used:
D:1:      dpeg_arrival_connections
D:2:      lemuel_doored_altar
D:3:      first_bread

Action                   |  1- 3 |  4- 6 || total
-------------------------+-------+-------++-------
Melee: Quarterstaff      |    69 |    38 ||   107
  Use: Potion            |     2 |     1 ||     3
       Scroll            |     8 |     2 ||    10
  Eat: Chunk             |       |     3 ||     3
